 Seeded DCSS version 0.27-a0-1186-g8b4daa1eef (webtiles) character file.

Game seed: 9324750557477385400 (custom seed)

67 karrick the Caller (level 4, 0/32 HPs)
             Began as a Gnoll Summoner on May 19, 2021.
             Slain by a gnoll
             ... wielding a +0 club
              (5 damage)
             ... on level 3 of the Dungeon.
             The game lasted 00:03:38 (3058 turns).

karrick the Caller (Gnoll Summoner)                 Turns: 3058, Time: 00:03:39

Health: 0/32       AC:  2    Str:  8    XL:     4   Next: 18%
Magic:  3/11       EV: 13    Int: 14    God:
Gold:   81         SH:  0    Dex: 13    Spells: 4/13 levels left

rFire    . . .     SeeInvis .   m - +1 short sword (freeze)
rCold    . . .     Faith    .   (no shield)
rNeg     . . .     Spirit   .   a - +0 robe
rPois    .         Reflect  .   (no helmet)
rElec    .         Harm     .   (no cloak)
rCorr    .         Rampage  .   (no gloves)
Will     .....                  (no boots)
Stlth    +++.......             (no amulet)
HPRegen  0.10/turn              (no ring)
MPRegen  0.12/turn              (no ring)

@: no status effects
A: fangs 1, strong nose, distributed training
a: no special abilities


You were on level 3 of the Dungeon.
You visited 1 branch of the dungeon, and saw 3 of its levels.

You collected 81 gold pieces.

Inventory:

Hand Weapons
 m - a +1 short sword of freezing (weapon)
Armour
 a - a +0 robe (worn)
Scrolls
 b - a scroll of blinking {unknown}
 c - 2 scrolls of identify {unknown}
 d - a scroll of enchant weapon {unknown}
 e - a scroll of immolation {unknown}
 f - a scroll of teleportation {unknown}
 i - a scroll of vulnerability {unknown}
 j - a scroll of enchant armour {unknown}
 l - 2 scrolls of noise {unknown}
Potions
 g - 2 potions of brilliance {unknown}
 h - a potion of flight {unknown}
 k - a potion of attraction {unknown}
 n - a potion of heal wounds {unknown}


   Skills:
 + Level 1.0 Fighting
 + Level 1.0 Short Blades
 + Level 1.0 Long Blades
 + Level 1.0 Axes
 + Level 1.0 Maces & Flails
 + Level 1.0 Polearms
 + Level 1.0 Staves
 + Level 1.0 Slings
 + Level 1.0 Bows
 + Level 1.0 Crossbows
 + Level 1.0 Throwing
 + Level 1.0 Armour
 + Level 4.6 Dodging
 + Level 4.2 Stealth
 + Level 1.0 Shields
 + Level 1.0 Unarmed Combat
 + Level 5.0 Spellcasting
 + Level 0.8 Conjurations
 + Level 0.8 Hexes
 + Level 7.1 Summonings
 + Level 0.8 Necromancy
 + Level 0.8 Translocations
 + Level 0.8 Transmutations
 + Level 0.8 Fire Magic
 + Level 0.8 Ice Magic
 + Level 0.8 Air Magic
 + Level 0.8 Earth Magic
 + Level 0.8 Poison Magic
 + Level 1.1 Invocations
 + Level 1.0 Evocations


You had 4 spell levels left.
You knew the following spells:

 Your Spells              Type           Power      Damage    Failure   Level
a - Summon Small Mammal   Summ           92%        N/A       1%          1
b - Call Imp              Summ           23%        N/A       1%          2
c - Call Canine Familiar  Summ           23%        N/A       2%          3
d - Summon Guardian Gole  Hex/Summ       14%        N/A       10%         3

Your spell library contained the following spells:

 Spells                   Type           Power      Damage    Failure   Level
 Summon Ice Beast         Ice/Summ       14%        N/A       32%         4
 Summon Lightning Spire   Summ/Air       14%        N/A       32%         4


Dungeon Overview and Level Annotations

Branches:
Dungeon (3/15)

Altars:

Shops:
D:1 =(*=*


Innate Abilities, Weirdness & Mutations

You have very sharp teeth.
Your uncanny sense of smell can sniff out nearby items.
Your experience applies equally to all skills.


Message History

Unknown command.
Casting: Summon Guardian Golem (quite dangerous; 10% risk of failure)
Confirm with . or Enter, or press ? or * to list all spells.
A metallic apparition takes form in the air.
Your hound barely misses the gnoll.
The jackal barely misses you. The gnoll misses you.
The gnoll hits you with a +0 club.
The gnoll hits your crimson imp with a +0 club.
Your hound bites the gnoll.
The gnoll dies!
Your crimson imp struggles against the net.
The jackal closely misses you.
Your hound barely misses the jackal.
The gnoll misses you.
Your crimson imp struggles against the net.
The net rips apart, and your crimson imp comes free!
The gnoll closely misses you. The jackal misses you.
You see here a +0 club.
You hit the gnoll. You freeze the gnoll.
The gnoll is heavily wounded.
Your hound completely misses the jackal.
The gnoll hits you with a +0 spear.
The jackal bites you but does no damage.
Your crimson imp hits the gnoll.
The gnoll misses you.
Your hound completely misses the jackal.
You closely miss the gnoll.
The gnoll is heavily wounded.
The jackal misses you. The gnoll hits you with a +0 spear!
Your hound barely misses the jackal.
Your crimson imp hits the gnoll but does no damage.
The gnoll hits you with a +0 club. The jackal bites you.
* * * LOW HITPOINT WARNING * * *
You are too injured to fight recklessly!
Unknown command.
You hit the gnoll. You freeze the gnoll.
The gnoll is heavily wounded.
Your hound bites the jackal.
The gnoll completely misses you. The jackal bites you.
* * * LOW HITPOINT WARNING * * *
Your iron imp barely misses the jackal.
Your crimson imp hits the gnoll.
Your hound barely misses the jackal.
The gnoll hits you with a +0 club.
You die...

#.#.# #####.#.#
#.......# #.......# #
#.^.....#.#
#.......#.#
#...gg....#
#...5@h.####.
#.....h5.....
#.............#..#...
#####.#.......#..#...
#.#.##.#........#
#.#.# #........## #.#
# #.......... #.#
#........## #.#
#........##


You could see 2 gnolls, a jackal (ally target), a friendly hound (summoned), a
friendly iron imp (summoned) and a friendly crimson imp (summoned).

Vanquished Creatures
  A dart slug (D:1)
  An orc (D:2)
  4 endoplasms
  3 giant cockroaches (D:1)
  2 goblins
  2 hobgoblins (D:1)
  A quokka (D:1)
  4 ball pythons
  3 kobolds
  5 rats
26 creatures vanquished.

Vanquished Creatures (collateral kills)
  2 gnolls (D:3)
  2 adders (D:2)
  2 worms
  2 ball pythons
  3 bats
  2 giant cockroaches (D:1)
  2 hobgoblins
  A quokka (D:2)
  2 kobolds
  3 rats
21 creatures vanquished.

Grand Total: 47 creatures vanquished

Notes
Turn   | Place    | Note
-------+----------+-------------------------------------------
     0 | D:1      | karrick the Gnoll Summoner began the quest for the Orb.
     0 | D:1      | Reached XP level 1. HP: 13/13 MP: 6/6
   276 | D:1      | Reached XP level 2. HP: 14/19 MP: 1/7
   532 | D:1      | Found Geiqonn's Jewellery Shoppe.
   543 | D:1      | Found Roshrouh's General Store.
   556 | D:1      | Found Neicku's Weapon Shoppe.
   587 | D:1      | Found Mesch's Jewellery Emporium.
   668 | D:1      | Found Taatoucw's General Store.
   885 | D:1      | Learned a level 2 spell: Call Imp
  1360 | D:1      | Reached XP level 3. HP: 24/25 MP: 9/9
  1401 | D:1      | Reached skill level 5 in Spellcasting
  1592 | D:2      | HP: 1/25 [quokka (2)]
  1894 | D:2      | Learned a level 3 spell: Call Canine Familiar
  1898 | D:2      | Learned a level 3 spell: Summon Guardian Golem
  2233 | D:2      | Reached skill level 1 in Invocations
  2486 | D:2      | Reached skill level 1 in Fighting
  2486 | D:2      | Reached skill level 1 in Short Blades
  2486 | D:2      | Reached skill level 1 in Long Blades
  2486 | D:2      | Reached skill level 1 in Axes
  2486 | D:2      | Reached skill level 1 in Maces & Flails
  2486 | D:2      | Reached skill level 1 in Polearms
  2486 | D:2      | Reached skill level 1 in Staves
  2486 | D:2      | Reached skill level 1 in Slings
  2486 | D:2      | Reached skill level 1 in Bows
  2486 | D:2      | Reached skill level 1 in Crossbows
  2486 | D:2      | Reached skill level 1 in Throwing
  2486 | D:2      | Reached skill level 1 in Armour
  2486 | D:2      | Reached skill level 1 in Shields
  2486 | D:2      | Reached skill level 1 in Unarmed Combat
  2486 | D:2      | Reached skill level 1 in Evocations
  2927 | D:3      | Reached XP level 4. HP: 25/32 MP: 7/11
  3058 | D:3      | Slain by a gnoll

Illustrated notes

Levels and vault maps discovered:
D:1:      lightli_arrival_quake, layout_loops_corners, serial_shops,
          nicolae_shop_statue_plus, shop, nicolae_shop_window_shopping,
          shop_fountains, shop
D:2:      layout_basic, minmay_ruptured
D:3:      layout_basic, doesnt_xom_only_xom, hellmonk_ecumenical_altar_blasted

Skill      XL: |  1  2  3 |
---------------+----------+-----
Spellcasting   | 5 |  5.0
Invocations    | 1 |  1.1
Fighting       | 1 |  1.0
Short Blades   | 1 |  1.0
Long Blades    | 1 |  1.0
Axes           | 1 |  1.0
Maces & Flails | 1 |  1.0
Polearms       | 1 |  1.0
Staves         | 1 |  1.0
Slings         | 1 |  1.0
Bows           | 1 |  1.0
Crossbows      | 1 |  1.0
Throwing       | 1 |  1.0
Armour         | 1 |  1.0
Shields        | 1 |  1.0
Unarmed Combat | 1 |  1.0
Evocations     | 1 |  1.0
Dodging        | |  4.6
Stealth        | |  4.2
Conjurations   | |  0.8
Hexes          | |  0.8
Summonings     | |  7.1
Necromancy     | |  0.8
Translocations | |  0.8
Transmutations | |  0.8
Fire Magic     | |  0.8
Ice Magic      | |  0.8
Air Magic      | |  0.8
Earth Magic    | |  0.8
Poison Magic   | |  0.8

Action                   |  1- 3 |  4- 6 || total
-------------------------+-------+-------++-------
Melee: Unarmed           |    20 |       ||    20
       Bite              |    11 |       ||    11
       Short sword       |    89 |     4 ||    93
 Cast: Summon Small Mamm |    18 |       ||    18
       Call Imp          |     7 |     3 ||    10
       Call Canine Famil |     6 |     1 ||     7
 Stab: Sleeping          |    11 |       ||    11
       Distracted        |     1 |       ||     1
Armor: Robe              |    29 |     3 ||    32
Dodge: Dodged            |    97 |    10 ||   107

Table legend: (Time is in decaauts)
 A = Elapsed time spent in this place.
 B = Non-inter-level travel time spent in this place.
 C = Inter-level travel time spent in this place.
 D = Time resting spent in this place.
 E = Time spent auto-exploring this place.
 F = Levels seen in this place.
 G = Mean time per level.
                   A        B        C        D        E       F      G
               +--------+--------+--------+--------+--------+-----+--------+
         Total |   3063 |   3002 |     61 |    271 |   2319 |   3 | 1021.0 |
       Dungeon |   3063 |   3002 |     61 |    271 |   2319 |   3 | 1021.0 |
               +--------+--------+--------+--------+--------+-----+--------+

Top non-repeatable levels by time:
     D:1: 1539 daAuts
     D:2: 1359 daAuts
     D:3: 165 daAuts
